 Dungeon Crawl Stone Soup version 0.30-a0-782-ge64f9170bb (webtiles) character file.

Game seed: 12654318026119339263

52580 Crownlay the Brawler (level 14, -1/144 HPs)
             Began as a Troll Fighter on Mar 12, 2023.
             Was the Champion of Wu Jian.
             Slain by Jorgrun
             ... wielding a staff of earth
              (5 damage)
             ... while petrified by Jorgrun
             ... on level 12 of the Dungeon on Mar 13, 2023.
             The game lasted 00:29:47 (15012 turns).

Crownlay the Brawler (Troll Fighter)               Turns: 15012, Time: 00:29:48

Health: -1/144     AC: 10    Str: 33    XL:     14   Next: 27%
Magic:  13/13      EV: -2    Int:  8    God:    Wu Jian [******]
Gold:   1061       SH:  0    Dex:  9    Spells: 13/13 levels left

rFire   . . .      SeeInvis +      - Unarmed
rCold   . . .      Faith    .    b - +0 kite shield
rNeg    + + +      Spirit   .    O - +3 troll leather armour {Snorg}
rPois   ∞          Reflect  .    (helmet restricted)
rElec   .          Harm     .    K - +0 cloak
rCorr   .          Rampage  .    (gloves unavailable)
Will    +....                    (boots unavailable)
Stlth   +                        q - amulet of the acrobat
HPRegen 2.04/turn                n - +6 ring of strength
MPRegen 0.13/turn                k - ring of see invisible

@: petrified, grasped by roots, constricted
A: large, unfitting armour, claws 3, regeneration 1, shaggy fur 1, tough skin 1
a: Renounce Religion, Wall Jump, Serpent's Lash, Heavenly Storm


You were on level 12 of the Dungeon.
You worshipped Wu Jian.
Wu Jian was exalted by your worship.
You visited 2 branches of the dungeon, and saw 17 of its levels.

You collected 1061 gold pieces.

Inventory:

Missiles
 m - 16 poisoned darts
 x - 3 boomerangs (quivered)
 Q - 7 throwing nets
Armour
 b - a +0 kite shield (worn)
 H - a +2 robe of fire resistance
 K - a +0 cloak (worn)
 O - a +3 troll leather armour (worn) {Snorg}
 R - +0 acid dragon scales
Jewellery
 k - a ring of see invisible (right claw)
 n - a +6 ring of strength (left claw)
 q - an amulet of the acrobat (around neck)
 S - a +6 ring of intelligence
Wands
 y - a wand of iceblast (10)
 D - a wand of light (6)
 E - a wand of flame (9)
Scrolls
 a - 2 scrolls of butterflies
 e - 3 scrolls of poison
 f - 2 scrolls of enchant armour {unknown}
 g - 4 scrolls of noise
 h - 4 scrolls of immolation
 l - 9 scrolls of vulnerability
 p - 4 scrolls of magic mapping
 s - 2 scrolls of silence
 u - a scroll of fear
 w - 4 scrolls of amnesia
 z - 2 scrolls of acquirement
 A - a scroll of blinking {unknown}
 I - 10 scrolls of teleportation
 P - 4 scrolls of fog
 T - a scroll of enchant weapon {unknown}
Potions
 c - 5 potions of might
 d - 10 potions of curing
 i - 2 potions of brilliance
 j - 5 potions of cancellation
 o - 5 potions of resistance
 r - 3 potions of ambrosia
 t - 5 potions of heal wounds
 v - 8 potions of lignification
 B - 4 potions of berserk rage
 C - 2 potions of invisibility
 F - 4 potions of mutation
 G - 3 potions of flight
 M - a potion of magic {unknown}
 N - 3 potions of haste
Miscellaneous
 J - a tin of tremorstones (2/2)
 L - a phantom mirror


   Skills:
 + Level 10.3 Fighting
 + Level 9.0 Dodging
 + Level 11.2 Shields
 * Level 16.4 Unarmed Combat


You had 13 spell levels left.
You didn't know any spells.
Your spell library contained the following spells:

 Spells                   Type           Power      Damage    Failure   Level
 Apportation              Tloc           0%         N/A       65%         1
 Necrotise                Necr           0%         1d4       65%         1
 Summon Small Mammal      Summ           0%         N/A       65%         1
 Blink                    Tloc           0%         N/A       78%         2
 Cigotuvi's Dreadful Rot  Necr/Pois/Air  0%         N/A       78%         2
 Poisonous Vapours        Pois/Air       0%         N/A       78%         2
 Gell's Gravitas          Tloc           0%         N/A       95%         3
 Mephitic Cloud           Conj/Pois/Air  0%         N/A       95%         3
 Stone Arrow              Conj/Erth      0%         3d7       95%         3
 Teleport Other           Tloc           0%         N/A       95%         3
 Tukima's Dance           Hex            0%         N/A       95%         3
 Animate Armour           Summ/Erth      0%         N/A       100%        4
 Dispel Undead            Necr           0%         3d6       100%        4
 Manifold Assault         Tloc           0%         N/A       100%        4
 Passage of Golubria      Tloc           0%         N/A       100%        4
 Blade Hands              Tmut           0%         N/A       100%        5
 Fireball                 Conj/Fire      0%         3d3       100%        5
 Iskenderun's Battlesphe  Conj           0%         2d6       100%        5
 Summon Forest            Summ/Tloc      0%         N/A       100%        5
 Yara's Violent Unravell  Hex/Tmut       0%         3d3       100%        5
 Conjure Ball Lightning   Conj/Air       0%         3x3d6     100%        6
 Death Channel            Necr           0%         N/A       100%        6
 Dispersal                Tloc           0%         N/A       100%        6
 Eringya's Noxious Bog    Tmut/Pois      0%         N/A       100%        6
 Iron Shot                Conj/Erth      0%         9d1       100%        6
 Orb of Destruction       Conj           0%         9d5       100%        7
 Storm Form               Tmut/Air       0%         N/A       100%        7
 Summon Hydra             Summ           0%         N/A       100%        7
 Lehudib's Crystal Spear  Conj/Erth      0%         10d2      100%        8


Dungeon Overview and Level Annotations

Branches:
Dungeon (12/15)            Temple (0/1) D:6            Lair (5/5) D:11
 Shoals (0/4) Lair:2       Spider (0/4) Lair:3        Slime (0/5) Lair:5
    Orc (0/2) D:10

Altars:
Elyvilon
Fedhas
Gozag
Hepliaklqana
Kikubaaqudgha
Okawaru
Qazlal
Ru
Uskayaw
Wu Jian

Annotations:
D:12 Jorgrun


Innate Abilities, Weirdness & Mutations

You are too large for most types of armour.
You have claws for hands.
Your natural rate of healing is unusually fast.
You are covered in fur. (AC +1)
You have tough skin. (AC +1)


Message History

The shadow slips into darkness.
The shadow flickers and vanishes for a moment.
Jorgrun casts a spell at you.
Roots burst forth from the earth!
The grasping roots grab you! The grasping roots constrict you!
The shadow hits you. Jorgrun casts a spell at you.
The grasping roots constrict you! The shadow hits you.
Jorgrun hits you but does no damage. The grasping roots constrict you.
The shadow hits you.
Jorgrun points at you and mumbles some strange words.
You struggle to resist.
The grasping roots constrict you! The shadow hits you.
Jorgrun hits you with a staff of earth!
* * * LOW HITPOINT WARNING * * *
The grasping roots constrict you!
* * * LOW HITPOINT WARNING * * *
The shadow hits you.
Jorgrun says, "May tha earth consume ye!"
Jorgrun hits you with a staff of earth!
* * * LOW HITPOINT WARNING * * *
The grasping roots constrict you.
* * * LOW HITPOINT WARNING * * *
The shadow hits you. Jorgrun hits you with a staff of earth.
* * * LOW HITPOINT WARNING * * *
Jorgrun shatters you!
* * * LOW HITPOINT WARNING * * *
The grasping roots constrict you!
* * * LOW HITPOINT WARNING * * *
The shadow hits you. Jorgrun hits you with a staff of earth!
* * * LOW HITPOINT WARNING * * *
Jorgrun shatters you.
* * * LOW HITPOINT WARNING * * *
The grasping roots constrict you!
* * * LOW HITPOINT WARNING * * *
The shadow hits you!
* * * LOW HITPOINT WARNING * * *
Jorgrun hits you with a staff of earth!
You die...

.#..#############'##
#. #........# #
#........#
#........#
#........# ####
####.....# ....
#.....# .... #.....#
.... ##@+### ....
#.gW..# .... #^....#
.... #.....# ####
#.....# ......#
.......# ########


You could see Jorgrun and a shadow.

Vanquished Creatures
  Snorg (D:10)
  Harold (Lair:1)
  4 hydras
  A catoblepas (Lair:4)
  A merfolk avatar (Lair:5)
  Erica (D:9)
  A boulder beetle (Lair:3)
  4 two-headed ogres
  5 death yaks
  A sea snake (Lair:5)
  2 skysharks (Lair:4)
  A lindwurm (Lair:5)
  A harpy (Lair:5)
  4 oklob plants
  2 manticores
  7 elephants (Lair:5)
  A merfolk siren (Lair:2)
  Joseph (D:8)
  3 black mambas
  A gargoyle (D:12)
  A torpor snail (Lair:3)
  10 cane toads
  4 rime drakes
  11 komodo dragons
  2 hornets (Lair:5)
  Grinder (D:5)
  5 polar bears
  A wind drake (Lair:5)
  6 blink frogs
  A snapping turtle (Lair:5)
  Prince Ribbit (D:8)
  5 dream sheep (Lair:5)
  Sigmund (D:2)
  A vampire (D:11)
  2 spriggans (Lair:2)
  3 jumping spiders (Lair:3)
  3 wraiths
  A shadow (D:11)
  A culicivora (Lair:3)
  5 wyverns
  63 yaks
  5 basilisks
  4 steam dragons
  3 redbacks (Lair:3)
  Menkaure (D:5)
  15 water moccasins
  An acid dragon (D:11)
  3 orc warriors
  4 black bears
  2 ice beasts
  A sky beast (D:7)
  4 ogres
  14 wolves
  7 centaurs
  2 phantoms (D:5)
  A kobold brigand (D:8)
  14 bullfrogs
  2 gnoll sergeants
  A necrophage (D:5)
  4 scorpions
  12 killer bees (D:9)
  2 electric eels (Lair:2)
  2 howler monkeys (D:9)
  A jelly (D:8)
  3 hounds
  6 orc priests
  3 iguanas
  14 orc wizards
  6 hell rats (Lair:2)
  11 gnolls
  9 adders
  A shadow imp (D:7)
  2 white imps
  An ufetubus (D:5)
  4 dart slugs
  38 orcs
  6 endoplasms
  3 giant cockroaches
  4 hobgoblins
  14 jackals
  11 kobolds
  4 quokkas
  4 ball pythons
  9 bats
  5 frilled lizards
  9 goblins
  10 rats
453 creatures vanquished.

Vanquished Creatures (others)
  An acid dragon (D:10)
  21 fungi
  50 plants
72 creatures vanquished.

Grand Total: 525 creatures vanquished

Notes
Turn   | Place    | Note
-------+----------+-------------------------------------------
     0 | D:1      | Crownlay the Troll Fighter began the quest for the Orb.
     0 | D:1      | Reached XP level 1. HP: 22/22 MP: 0/0
   190 | D:1      | Reached XP level 2. HP: 29/29 MP: 1/1
   861 | D:2      | Reached XP level 3. HP: 35/36 MP: 2/2
   915 | D:2      | Reached skill level 3 in Unarmed Combat
   947 | D:2      | Noticed Sigmund
   954 | D:2      | Killed Sigmund
   955 | D:2      | Reached skill level 4 in Unarmed Combat
   955 | D:2      | Reached XP level 4. HP: 34/45 MP: 3/3
   955 | D:2      | Reached XP level 5. HP: 40/53 MP: 4/4
  1622 | D:3      | Noticed a water moccasin
  1632 | D:3      | Killed a water moccasin
  1633 | D:3      | Reached skill level 5 in Unarmed Combat
  1633 | D:3      | Reached XP level 6. HP: 55/61 MP: 5/5
  2297 | D:4      | Reached XP level 7. HP: 30/68 MP: 6/6
  2535 | D:4      | Reached skill level 6 in Unarmed Combat
  2590 | D:4      | Found a stormy altar of Qazlal.
  2598 | D:4      | Found an opulent altar of Gozag.
  2598 | D:4      | Found an ancient bone altar of Kikubaaqudgha.
  2598 | D:4      | Found an iron altar of Okawaru.
  2600 | D:4      | Found a sacrificial altar of Ru.
  2601 | D:4      | Found an ornate altar of the Wu Jian Council.
  2602 | D:4      | Found a white marble altar of Elyvilon.
  2604 | D:4      | Became a worshipper of the Wu Jian Council
  2885 | D:5      | Entered Level 5 of the Dungeon
  3042 | D:5      | Noticed Menkaure
  3055 | D:5      | Killed Menkaure
  3056 | D:5      | Reached skill level 5 in Shields
  3056 | D:5      | Reached skill level 7 in Unarmed Combat
  3056 | D:5      | Reached XP level 8. HP: 49/79 MP: 7/7
  3353 | D:5      | Noticed Grinder
  3354 | D:5      | Paralysed by Grinder for 4 turns
  3392 | D:5      | Paralysed by Grinder for 3 turns
  3401 | D:5      | Killed Grinder
  3402 | D:5      | Reached skill level 5 in Fighting
  3402 | D:5      | Reached skill level 8 in Unarmed Combat
  3747 | D:6      | Found a staircase to the Ecumenical Temple.
  3828 | D:6      | Reached * piety under Wu Jian
  3888 | D:6      | Reached XP level 9. HP: 88/88 MP: 8/8
  4251 | D:7      | Reached ** piety under Wu Jian
  4292 | D:7      | Reached skill level 9 in Unarmed Combat
  4973 | D:8      | Noticed Joseph
  5004 | D:8      | Killed Joseph
  5066 | D:8      | Noticed a komodo dragon
  5077 | D:8      | Killed a komodo dragon
  5078 | D:8      | Reached skill level 10 in Unarmed Combat
  5211 | D:8      | Noticed Prince Ribbit
  5216 | D:8      | Killed Prince Ribbit
  5265 | D:8      | Reached XP level 10. HP: 88/100 MP: 9/9
  5335 | D:8      | Reached *** piety under Wu Jian
  6233 | D:9      | Noticed Erica
  6249 | D:9      | Killed Erica
  6250 | D:9      | Reached skill level 11 in Unarmed Combat
  6386 | D:9      | Identified the +1 hand axe of Uvereylotso {pain, rF- Str+3
                  | Stlth+}
  6569 | D:9      | Reached skill level 5 in Dodging
  6571 | D:9      | Reached **** piety under Wu Jian
  6954 | D:10     | Entered Level 10 of the Dungeon
  7071 | D:10     | Reached XP level 11. HP: 101/109 MP: 10/10
  7182 | D:10     | Found a staircase to the Orcish Mines.
  7248 | D:10     | Noticed a two-headed ogre
  7257 | D:10     | Killed a two-headed ogre
  7258 | D:10     | Reached skill level 12 in Unarmed Combat
  7455 | D:10     | Noticed Snorg
  7464 | D:10     | Killed Snorg
  7766 | D:11     | Found a staircase to the Lair.
  7766 | D:11     | Noticed a two-headed ogre
  7769 | D:11     | Killed a two-headed ogre
  8247 | D:11     | Found a hide-covered altar of Uskayaw.
  8341 | D:11     | Identified the +7 flail "Fuullen" {holy, +Blink rElec rPois
                  | Str-3 Stlth+}
  8429 | D:11     | Noticed a two-headed ogre
  8434 | D:11     | Killed a two-headed ogre
  8693 | D:11     | Reached skill level 13 in Unarmed Combat
  8814 | Lair:1   | Entered Level 1 of the Lair of Beasts
  9014 | Lair:1   | Reached XP level 12. HP: 61/120 MP: 11/11
  9201 | Lair:1   | Noticed Harold
  9205 | Lair:1   | Killed Harold
  9705 | Lair:1   | Found a blossoming altar of Fedhas.
 10125 | Lair:2   | Reached ***** piety under Wu Jian
 10280 | Lair:2   | Found a staircase to the Shoals.
 10543 | Lair:2   | Reached skill level 14 in Unarmed Combat
 11144 | Lair:2   | Identified a scroll of acquirement
 11171 | Lair:3   | Noticed a seven-headed hydra
 11179 | Lair:3   | Killed a ten-headed hydra
 11181 | Lair:3   | Noticed a boulder beetle
 11301 | Lair:3   | Noticed a death yak
 11318 | Lair:3   | Killed a death yak
 11318 | Lair:3   | Noticed a death yak
 11333 | Lair:3   | Killed a death yak
 11440 | Lair:3   | Killed a boulder beetle
 11477 | Lair:3   | Reached XP level 13. HP: 125/131 MP: 12/12
 11551 | Lair:3   | Reached skill level 10 in Shields
 11657 | Lair:3   | Found a hole to the Spider Nest.
 12268 | Lair:4   | Reached skill level 15 in Unarmed Combat
 12634 | Lair:4   | Found a hazy altar of Hepliaklqana.
 13202 | Lair:5   | Entered Level 5 of the Lair of Beasts
 13514 | Lair:5   | Reached skill level 10 in Fighting
 13554 | Lair:5   | Reached skill level 16 in Unarmed Combat
 13661 | Lair:5   | Reached XP level 14. HP: 133/143 MP: 13/13
 13674 | Lair:5   | Reached ****** piety under Wu Jian
 14168 | Lair:5   | Found a staircase to the Slime Pits.
 14792 | D:12     | Identified the +6 ring mail of Honour {Will+ Int-3 Dex+4
                  | SInv}
 14992 | D:12     | Noticed Jorgrun
 15011 | D:12     | HP: 5/144 [constriction (7)]
 15012 | D:12     | Slain by Jorgrun

Illustrated notes

Levels and vault maps discovered:
D:1:      minmay_arrival_hallway, layout_loops_ring,
          hangedman_abyss_or_decor_lesser_grid, hangedman_decor_peaks_small,
          minmay_misc_feat_cross, minmay_pentomino_x4
D:2:      layout_basic, minmay_goblin_outpost, uniq_sigmund
D:3:      layout_basic
D:4:      layout_rooms, minitemple
D:5:      layout_basic, uniq_menkaure, uniq_grinder
D:6:      layout_rooms, minmay_temple_entry_statues
D:7:      layout_gridville
D:8:      layout_loops_corners, solitary_fountain, uniq_prince_ribbit1,
          uniq_joseph
D:9:      layout_basic, uniq_erica
D:10:     layout_roguey, minmay_misc_feat_plants, st_stairs_9, uniq_snorg
D:11:     layout_basic, lair_entry_dummy, eino_small_chamber_without_monster,
          nicolae_uskayaw_murder_on_the_dancefloor
D:12:     layout_grid_maze, serial_shops, kennysheep_little_box, uniq_jorgrun
Lair:1:   layout_layer_cave, hangedman_tree_tricks, grunt_megastairs_4,
          uniq_harold
Lair:2:   wad_woods_tower, layout_gridlike, minmay_shoals_entry_lonely_mermaid,
          fungi_pond_lemuel, minmay_hedge_maze
Lair:3:   layout_regular_city, nicolae_spider_entry_tight_spaces,
          serial_bayou_shore_b
Lair:4:   layout_roguey, basic_altar, grunt_forest_large_clearing_hut
Lair:5:   gammafunk_lair_ancient_temple, layout_loops_ring,
          minmay_slime_entry_oklob_enclosed, hibernation_bobbens,
          infiniplex_staircase_pool_2

Skill      XL: |  1  2  3  4  5  6  7  8  9 10 11 12 13 14 |
---------------+-------------------------------------------+-----
Shields        | 3 4 5 6 7 8 9 10 11 | 11.2
Unarmed Combat | 4 5 7 8 10 11 13 14 16 | 16.4
Fighting       | 3 4 5 6 7 8 9 10 | 10.3
Dodging        | 3 5 6 7 8 9 |  9.0

Action                     |  1- 3 |  4- 6 |  7- 9 | 10-12 | 13-15 || total
---------------------------+-------+-------+-------+-------+-------++-------
  Melee: Unarmed           |    82 |   102 |   310 |   606 |   406 ||  1506
  Throw: Dart              |     4 |       |    16 |     2 |       ||    22
         Boomerang         |       |       |     7 |     3 |       ||    10
 Invoke: Serpent's Lash    |       |       |       |       |     1 ||     1
Ability: Lunge             |       |       |    17 |    38 |    24 ||    79
         Whirlwind         |       |       |       |     9 |     3 ||    12
  Evoke: Wand              |       |       |       |     4 |    26 ||    30
    Use: Potion            |       |       |     1 |       |     1 ||     2
         Scroll            |       |       |    11 |    12 |     3 ||    26
   Stab: Sleeping          |     1 |       |       |       |       ||     1
         Invisible         |       |       |       |       |     2 ||     2
 Armour: Robe              |    21 |    24 |    37 |    41 |       ||   123
         Troll leather arm |       |       |       |   110 |   137 ||   247
         Acid dragon scale |       |       |       |     3 |     3 ||     6
  Dodge: Dodged            |    18 |    44 |    85 |   213 |   148 ||   508
  Block: Kite shield       |    28 |    23 |    95 |   258 |   192 ||   596

Table legend: (Time is in decaauts)
 A = Elapsed time spent in this place.
 B = Non-inter-level travel time spent in this place.
 C = Inter-level travel time spent in this place.
 D = Time resting spent in this place.
 E = Time spent auto-exploring this place.
 F = Levels seen in this place.
 G = Mean time per level.
                   A        B        C        D        E       F      G
               +--------+--------+--------+--------+--------+-----+--------+
         Total |  14884 |  14114 |    770 |    153 |  11110 |  17 |  875.5 |
       Dungeon |   9330 |   8879 |    451 |      0 |   7233 |  12 |  777.5 |
          Lair |   5554 |   5235 |    319 |    153 |   3877 |   5 | 1110.8 |
               +--------+--------+--------+--------+--------+-----+--------+

Top non-repeatable levels by time:
  Lair:1: 1242 daAuts
  Lair:2: 1156 daAuts
    D:11: 1150 daAuts
  Lair:5: 1134 daAuts
  Lair:3: 1045 daAuts
     D:8: 1044 daAuts
  Lair:4: 975 daAuts
     D:9: 927 daAuts
     D:5: 862 daAuts
     D:1: 837 daAuts
     D:2: 752 daAuts
    D:10: 736 daAuts
     D:7: 725 daAuts
     D:4: 662 daAuts
     D:3: 644 daAuts
